 Dungeon Crawl Stone Soup version 0.20-b1-2-gc5a9893 (webtiles) character file.

16672 Jawreze the Fencer (level 12, -1/101 HPs)
             Began as a Minotaur Berserker on May 21, 2017.
             Was a High Priest of Trog.
             Slain by a catoblepas (14 damage)
             ... on level 3 of the Lair of Beasts.
             The game lasted 00:39:42 (15319 turns).

Jawreze the Fencer (Minotaur Berserker)            Turns: 15319, Time: 00:39:42

Health: -1/101     AC: 10    Str: 21    XL:     12   Next: 12%
Magic:  11/11      EV:  2    Int:  4    God:    Trog [*****.]
Gold:   627        SH:  0    Dex: 16    Spells: 11/11 levels left

rFire    + . .     SeeInvis .   J - +3 scimitar (elec)
rCold    . . .     Gourm    .   I - +1 buckler {reflect}
rNeg     + + +     Faith    .   O - +2 ring mail {rF+}
rPois    ∞         Spirit   .   (helmet restricted)
rElec    .         Reflect  +   t - +0 cloak
rCorr    .         Harm     .   (no gloves)
MR       .....                  (no boots)
Stlth    +.........             (no amulet)
Regen    0.3/turn               n - +1 ring of evasion
MPRegen  0.2/turn               (no ring)

@: petrified
A: retaliatory headbutt, horns 2
a: Berserk, Trog's Hand, Brothers in Arms, Burn Spellbooks, Renounce Religion


You were on level 3 of the Lair of Beasts.
You worshipped Trog.
Trog was extremely pleased with you.
You were not hungry.

You visited 2 branches of the dungeon, and saw 12 of its levels.
You also visited: Sewer and Ossuary.

You collected 627 gold pieces.

Inventory:

Hand Weapons
 z - a +0 hand crossbow
 E - a +4 antimagic great sword
 J - a +3 scimitar of electrocution (weapon)
Missiles
 v - 7 silver tomahawks (quivered)
 y - 96 bolts
 K - 161 arrows
Armour
 t - a +0 cloak (worn)
 I - a +1 buckler of reflection (worn)
 L - a +2 shield
 O - a +2 ring mail of fire resistance (worn)
Jewellery
 a - an uncursed amulet of magic regeneration {unknown}
 n - a +1 ring of evasion (left hand)
 u - an uncursed ring of fire
 H - a +3 ring of evasion
 S - an uncursed ring of fire
 U - an uncursed ring of see invisible {unknown}
Scrolls
 d - 2 scrolls of amnesia
 e - 8 scrolls of identify
 g - a scroll of holy word {unknown}
 j - 6 scrolls of teleportation
 o - a scroll of fear {unknown}
 p - 4 scrolls of fog
 M - 2 scrolls of random uselessness
 T - a scroll of blinking {unknown}
 W - 2 scrolls of noise {unknown}
 X - 2 scrolls of remove curse
 Y - a scroll of vulnerability {unknown}
 Z - a scroll of magic mapping
Potions
 f - 3 potions of flight {unknown}
 h - 9 potions of curing {unknown}
 k - 5 potions of mutation {unknown}
 m - a potion of magic {unknown}
 r - a potion of degeneration {unknown}
 s - a potion of resistance {unknown}
 w - 4 potions of lignification {unknown}
 x - 11 potions of heal wounds
 A - 3 potions of agility {unknown}
 B - a potion of might {unknown}
 C - a potion of brilliance {unknown}
 D - a potion of berserk rage {unknown}
 G - 2 potions of haste {unknown}
Books
 i - a book of Maledictions

   Spells                             Type                      Level
   a - Corona                         Hexes                        1
   b - Ensorcelled Hibernation        Hexes/Ice                    2
   c - Confuse                        Hexes                        3
   d - Tukima's Dance                 Hexes                        3
   e - Dazzling Spray                 Conjuration/Hexes            3
   Trog disapproves of the use of such an item.
 P - a book of Debilitation

   Spells                             Type                      Level
   a - Corona                         Hexes                        1
   b - Slow                           Hexes                        2
   c - Inner Flame                    Hexes/Fire                   3
   d - Portal Projectile              Hexes/Translocation          3
   e - Cause Fear                     Hexes                        4
   f - Leda's Liquefaction            Hexes/Earth                  4
   Trog disapproves of the use of such an item.
Comestibles
 b - 4 royal jellies
 c - 4 bread rations
 l - 3 meat rations
 N - 22 fruits


   Skills:
 + Level 8.1 Fighting
 - Level 15.6 Long Blades
 + Level 6.8 Crossbows
 + Level 8.2 Armour
 + Level 6.6 Dodging
 - Level 9.6 Shields


You had 11 spell levels left.
You didn't know any spells.

Dungeon Overview and Level Annotations

Branches:
Dungeon (9/15)             Temple (0/1) D:5            Lair (3/6) D:9
  Swamp (0/4) Lair:2          Orc (0/2) D:9
  Snake: Lair:2-4    Spider: Lair:2-4

Altars:
Ashenzari
Nemelex Xobeh
Okawaru
Trog
Yredelemnul
Beogh


Innate Abilities, Weirdness & Mutations

You reflexively headbutt those who attack you in melee.
You have a pair of horns on your head.


Message History

The catoblepas is heavily wounded.
The catoblepas breathes a plume of calcifying dust at you.
The blast of calcifying dust hits you!
You hit the catoblepas but do no damage.
The catoblepas is heavily wounded.
You are engulfed in calcifying dust.
You are slowing down.
The catoblepas closely misses you. The catoblepas gores you!!
Your limbs are stiffening.
You hit the catoblepas but do no damage.
You headbutt the catoblepas, but do no damage.
The catoblepas is heavily wounded.
The catoblepas gores you!!
* * * LOW HITPOINT WARNING * * *
You have turned to stone.
The catoblepas gores you!
* * * LOW HITPOINT WARNING * * *
The catoblepas gores you. The catoblepas gores you!!
You die...

#.....## ###>#####
###....##.## P
#..........## .P
##..........# #♣♣P.P
#..........###....
##.........##.#.♣♣♣.
#.........Y..§§.$..
#.........#@######.
#.........###
..........#
##.#...P#.## ....###
P... .#


You could see a catoblepas.

Vanquished Creatures
  A two-headed ogre (D:8)
  A black mamba (Lair:2)
  Psyche (D:8)
  2 komodo dragons
  3 spiny frogs
  Grinder (D:6)
  A hippogriff (Lair:2)
  3 blink frogs (Lair:2)
  A wyvern (D:5)
  18 yaks
  Grum (D:8)
  A hungry ghost (D:8)
  6 water moccasins
  10 porcupines
  2 hornet zombies
  An ice beast (D:7)
  An orc warrior (D:6)
  3 phantoms
  6 ogres
  36 wolves
  A centaur (D:9)
  4 crocodiles
  5 bullfrogs
  An elf zombie (Ossuary)
  A big kobold (Sewer)
  3 scorpions
  9 killer bees
  5 wights (D:6)
  2 howler monkeys
  2 bullfrog zombies
  4 crimson imps
  A human zombie (Ossuary)
  2 jellies
  15 orc priests
  3 hounds
  18 orc wizards
  3 iguanas
  6 worker ants
  A killer bee zombie (D:6)
  A big kobold zombie (Ossuary)
  2 hound zombies
  A hound skeleton (D:6)
  2 mummies (Ossuary)
  3 gnolls (D:3)
  7 river rats (Sewer)
  8 adders
  3 shadow imps
  2 oozes
  An adder zombie (Ossuary)
  An adder skeleton (D:6)
  A worm (D:3)
  10 leopard geckos
  53 orcs
  7 bats
  3 giant cockroaches
  6 goblins
  4 hobgoblins
  9 jackals
  26 kobolds
  4 quokkas
  4 ball pythons
  6 frilled lizards
  A goblin zombie (Ossuary)
  6 hobgoblin zombies (Ossuary)
  2 jackal zombies
  11 kobold zombies (Ossuary)
  10 orc zombies (Ossuary)
  30 rats
  4 rat zombies (Ossuary)
  A plant (Lair:2)
414 creatures vanquished.

Vanquished Creatures (collateral kills)
  A hydra (Lair:1)
  A hippogriff (Lair:1)
2 creatures vanquished.

Vanquished Creatures (others)
  A centaur (D:7)
  A fungus (Lair:2)
  5 plants
7 creatures vanquished.

Grand Total: 423 creatures vanquished

Notes
Turn   | Place    | Note
-------+----------+-------------------------------------------
     0 | D:1      | Jawreze the Minotaur Berserker began the quest for the Orb.
     0 | D:1      | Reached XP level 1. HP: 19/19 MP: 0/0
    38 | D:1      | Reached skill level 4 in Long Blades
   119 | D:1      | Reached XP level 2. HP: 22/26 MP: 1/1
   779 | D:1      | Reached skill level 5 in Long Blades
   966 | D:2      | Reached XP level 3. HP: 27/31 MP: 2/2
   983 | D:2      | Reached ** piety under Trog
  1529 | D:2      | Reached XP level 4. HP: 35/39 MP: 3/3
  1625 | D:2      | Reached skill level 6 in Long Blades
  2103 | D:3      | Reached skill level 7 in Long Blades
  2103 | D:3      | Reached XP level 5. HP: 27/45 MP: 4/4
  2394 | D:3      | Found a glowing drain.
  2439 | Sewer    | Entered a sewer
  2482 | Sewer    | Reached *** piety under Trog
  2649 | Sewer    | HP: 2/45 [river rat (10)]
  2651 | Sewer    | Reached skill level 8 in Long Blades
  3003 | Sewer    | Reached XP level 6. HP: 51/51 MP: 5/5
  3610 | D:3      | Reached skill level 9 in Long Blades
  3707 | D:3      | Reached **** piety under Trog
  4545 | D:4      | Reached skill level 1 in Shields
  4546 | D:4      | Reached XP level 7. HP: 54/57 MP: 6/6
  4751 | D:5      | Entered Level 5 of the Dungeon
  4962 | D:5      | Reached skill level 10 in Long Blades
  5079 | D:5      | Got a heavy robe
  5090 | D:5      | Identified the +1 robe of Leraball {rElec rF+ Dex+2} (You found it on level 5 of the Dungeon)
  5483 | D:5      | Reached XP level 8. HP: 56/64 MP: 7/7
  5531 | D:5      | Found a staircase to the Ecumenical Temple.
  5572 | D:5      | Reached skill level 11 in Long Blades
  6130 | D:6      | Noticed Grinder
  6137 | D:6      | Killed Grinder
  6137 | D:6      | Reached skill level 5 in Shields
  6330 | D:6      | Reached skill level 12 in Long Blades
  6668 | D:6      | Reached XP level 9. HP: 61/70 MP: 8/8
  7203 | D:6      | Reached skill level 13 in Long Blades
  7421 | D:6      | Found a bloodstained altar of Trog.
  7421 | D:6      | Found a sparkling altar of Nemelex Xobeh.
  7710 | D:7      | Found a shattered altar of Ashenzari.
  8004 | D:7      | Found a sand-covered staircase.
  8014 | Ossuary  | Entered an ossuary
  8034 | Ossuary  | Reached ***** piety under Trog
  8173 | Ossuary  | Received a gift from Trog
  8306 | D:7      | Reached skill level 14 in Long Blades
  8966 | D:8      | Noticed Grum
  8988 | D:8      | Killed Grum
  9137 | D:8      | Found a basalt altar of Yredelemnul.
  9157 | D:8      | Noticed Psyche
  9160 | D:8      | Found an iron altar of Okawaru.
  9167 | D:8      | Noticed a two-headed ogre
  9309 | D:8      | Killed Psyche
  9309 | D:8      | Reached XP level 10. HP: 49/77 MP: 9/9
  9569 | D:8      | Killed a two-headed ogre
  9569 | D:8      | Reached skill level 15 in Long Blades
 10667 | D:9      | Reached skill level 1 in Crossbows
 10711 | D:9      | Found a staircase to the Orcish Mines.
 10714 | D:9      | Found a roughly hewn altar of Beogh.
 10771 | D:9      | Found a staircase to the Lair.
 10826 | Lair:1   | Entered Level 1 of the Lair of Beasts
 10879 | Lair:1   | Noticed a spiny frog
 11379 | Lair:1   | Received a gift from Trog
 11675 | Lair:1   | Reached XP level 11. HP: 80/85 MP: 10/10
 11848 | Lair:1   | Reached skill level 5 in Fighting
 12312 | Lair:2   | Found a staircase to the Swamp.
 12318 | Lair:2   | Reached skill level 5 in Armour
 12714 | Lair:2   | Reached skill level 5 in Dodging
 12864 | Lair:2   | Reached skill level 5 in Crossbows
 13251 | Lair:2   | Noticed a four-headed hydra
 13295 | Lair:1   | Killed an eight-headed hydra
 14474 | Lair:2   | Reached XP level 12. HP: 101/101 MP: 11/11
 15292 | Lair:3   | Noticed a catoblepas
 15319 | Lair:3   | Slain by a catoblepas

Skill      XL: |  1  2  3  4  5  6  7  8  9 10 11 12 |
---------------+-------------------------------------+-----
Long Blades    | 4 5 7 8 9 10 12 14 15 | 15.6
Shields        | 1 3 6 8 9 |  9.6
Crossbows      | 3 6 |  6.8
Armour         | 4 7 8 |  8.2
Fighting       | 4 7 8 |  8.1
Dodging        | 4 6 |  6.6

Action                   |  1- 3 |  4- 6 |  7- 9 | 10-12 || total
-------------------------+-------+-------+-------+-------++-------
Melee: Falchion          |    94 |   190 |       |       ||   284
       Headbutt          |     8 |    33 |    99 |    70 ||   210
       Long sword        |       |    12 |   343 |       ||   355
       Scimitar          |       |       |    79 |   312 ||   391
 Fire: Hand crossbow     |       |     5 |       |    60 ||    65
Throw: Tomahawk          |       |     6 |       |     3 ||     9
Invok: Berserk           |       |       |     3 |     2 ||     5
       Brothers in Arms  |       |       |       |     1 ||     1
  Use: Scroll            |       |       |     2 |     8 ||    10
       Potion            |       |       |       |     6 ||     6
 Stab: Sleeping          |     1 |     1 |       |       ||     2
       Distracted        |       |     1 |       |       ||     1
  Eat: Chunk             |     2 |    10 |    13 |    17 ||    42
       Meat ration       |       |       |     1 |     1 ||     2
       Fruit             |       |       |       |     1 ||     1
Armor: Robe              |    13 |    60 |     8 |       ||    81
       Animal skin       |     4 |       |       |       ||     4
       Ring mail         |       |       |    60 |    86 ||   146
Dodge: Dodged            |    71 |   130 |   158 |   169 ||   528
Block: Buckler           |       |     1 |    66 |   116 ||   183
       Reflection        |       |       |     2 |       ||     2
       Rpst.: Falchion   |    13 |    29 |       |       ||    42
       Long sword        |       |     2 |    35 |       ||    37
       Scimitar          |       |       |    14 |    39 ||    53
